 Dungeon Crawl Stone Soup version 0.18-a0-1577-gf591c28 (webtiles) character file.

16 Duffy the Magician (level 2, 14/14 HPs)
             Began as a Spriggan Transmuter on Mar 18, 2016.
             Quit the game on level 1 of the Dungeon.
             The game lasted 00:01:12 (1294 turns).

Duffy the Magician (Spriggan Transmuter)            Turns: 1294, Time: 00:01:13

Health: 14/14      AC:  2    Str:  6    XL:     2   Next: 37%
Magic:  7/7        EV: 17    Int: 14    God:
Gold:   65         SH:  0    Dex: 13    Spells: 1 memorised, 7 levels left

rFire  . . .     SeeInvis +       - Unarmed
rCold  . . .     Gourm    .     b - +0 robe
rNeg   . . .     Faith    .     (shield restricted)
rPois  .         Spirit   .     (helmet restricted)
rElec  .         Dismiss  .     (no cloak)
rCorr  .         Reflect  .     (gloves unavailable)
SustAt .         Harm     .     (boots unavailable)
MR     .....                    (no amulet)
Stlth  +.........               (no ring)
                                h - -3 ring of dexterity (curse)

@: very quick, not resistant to hostile enchantments, very unstealthy
A: unfitting armour, see invisible, herbivore 3, speed 3, slow metabolism 2
a: no special abilities


You were on level 1 of the Dungeon.
You were not hungry.

You visited 1 branch of the dungeon, and saw 1 of its levels.

You collected 65 gold pieces.


Innate Abilities, Weirdness & Mutations

You are tiny and cannot use many weapons and most armour.
You have supernaturally acute eyesight.
You are a herbivore.
You cover ground extremely quickly.
You need consume almost no food.


   Skills:
 - Level 0.7 Fighting
 - Level 3.0 Dodging
 + Level 2.7 Unarmed Combat
 + Level 3.5 Spellcasting
 - Level 2.6 Transmutations


You had 7 spell levels left.
You knew the following spells:

 Your Spells              Type           Power        Failure   Level  Hunger
a - Beastly Appendage     Trmt           ##....       10%         1    #......

Inventory:

Missiles
 a - 12 arrows
Armour
 b - a +0 robe (worn)
Jewellery
 h - a cursed -3 ring of dexterity (left hand)
Scrolls
 g - a scroll of teleportation {unknown}
Potions
 e - a potion of curing {unknown}
 f - a potion of cancellation {unknown}
Books
 c - a book of Changes
Comestibles
 d - 2 bread rations

Dungeon Overview and Level Annotations

Branches:
Dungeon (1/15)

Altars:


Message History

The giant cockroach bites you but does no damage.
You hit the giant cockroach but do no damage.
The giant cockroach barely misses you.
You closely miss the giant cockroach.
The giant cockroach completely misses you.
You hit the giant cockroach but do no damage.
The giant cockroach barely misses you.
You hit the giant cockroach.
The giant cockroach is severely wounded.
The giant cockroach closely misses you. x2
You hit the giant cockroach.
The giant cockroach is almost dead.
The giant cockroach misses you.
You barely miss the giant cockroach.
The giant cockroach is almost dead.
The giant cockroach barely misses you.
You barely miss the giant cockroach.
The giant cockroach is almost dead.
The giant cockroach closely misses you.
You hit the giant cockroach.
You kill the giant cockroach!
No target in view!
No target in view!
No target in view!
No target in view!
No target in view!
No target in view!
d - 2 bread rations (gained 1)
h - a twisted marble ring
Found a hunting sling.
Put on which piece of jewellery? (? for menu, Esc to quit)
You feel clumsy.
Oops, that ring feels deathly cold.
h - a cursed -3 ring of dexterity (left hand) Are you sure you want to abandon this character and quit the game? (Confirm with "yes".)

.........#
########.#
#######.#####
#...........#
..#.#####.###.# #
#.#.#####.###.####..
#
#.#.#...............
# #.#.#.#.......###.
#.#.#.#.#.###@#
#.#.#.#.#.. #.#
#.......### ... ##
#...#.#####...##
..##...#..........
.................#
#..##.##.#####..##
...##.##... .)...
#........... #


There were no monsters in sight!

Action                   || total
-------------------------++-------
Melee: Unarmed           ||    67
 Stab: Sleeping          ||     2

Notes
Turn   | Place    | Note
--------------------------------------------------------------
     0 | D:1      | Duffy the Spriggan Transmuter began the quest for the Orb.
     0 | D:1      | Reached XP level 1. HP: 9/9 MP: 5/5
   822 | D:1      | Reached skill level 3 in Spellcasting
   914 | D:1      | Reached XP level 2. HP: 4/14 MP: 7/7
  1294 | D:1      | Quit the game

Vault maps used:
D:1:      minmay_arrival_shattered_statue

Vanquished Creatures
  2 dart slugs
  A bat
  A giant cockroach
  A goblin
  2 jackals
  2 giant newts
  A kobold
  2 rats
12 creatures vanquished.
